 Dungeon Crawl Stone Soup version 0.30-a0-219-gf2db51d15e (webtiles) character file.

Game seed: 5886592867563159256

58 BlueGoblin the Gusty (level 4, 0/27 HPs)
             Began as an Octopode Air Elementalist on Oct 7, 2022.
             Slain by Crazy Yiuf
             ... wielding a +2 quarterstaff of chaos
              (15 damage)
             ... on level 2 of the Dungeon.
             The game lasted 00:04:12 (2227 turns).

BlueGoblin the Gusty (Octopode Air Elementalist)    Turns: 2227, Time: 00:04:13

Health: 0/27       AC:  1    Str:  7    XL:     4   Next: 1%
Magic:  0/8        EV: 13    Int: 19    God:
Gold:   114        SH:  0    Dex: 12    Spells: 6/8 levels left

rFire   . . .      SeeInvis .    f - +0 dagger
rCold   . . .      Faith    .    (no shield)
rNeg    . . .      Spirit   +    (helmet restricted)
rPois   .          Reflect  .    d - amulet of guardian spirit
rElec   .          Harm     .    (no ring)
rCorr   .          Rampage  .    (no ring)
Will    .....                    (no ring)
Stlth   +++.......               (no ring)
HPRegen 0.24/turn                (no ring)
MPRegen 0.11/turn                (no ring)
                                 (no ring)
                                 (no ring)

@: very slightly contaminated
A: almost no armour, amphibious, 8 rings, camouflage 1, gelatinous body 1,
(nimble swimmer 1), tentacles
a: no special abilities


You were on level 2 of the Dungeon.
You visited 1 branch of the dungeon, and saw 2 of its levels.

You collected 114 gold pieces.

Inventory:

Hand Weapons
 f - a +0 dagger (weapon)
Jewellery
 d - an amulet of guardian spirit (around mantle)
 k - a ring of ice
Scrolls
 b - a scroll of fog
 e - a scroll of fear
 g - a scroll of teleportation
 m - a scroll of silence
Potions
 a - 2 potions of magic
 c - a potion of berserk rage
 h - a potion of brilliance
 i - a potion of heal wounds {unknown}
 j - a potion of haste {unknown}
 l - 2 potions of attraction {unknown}


   Skills:
 + Level 0.1 Fighting
 + Level 2.4 Dodging
 + Level 2.6 Stealth
 + Level 2.8 Spellcasting
 - Level 1.0 Conjurations
 + Level 3.8 Air Magic


You had 6 spell levels left.
You knew the following spells:

 Your Spells              Type           Power      Damage    Failure   Level
a - Static Discharge      Conj/Air       24%        2-3/arc   9%          2

Your spell library contained the following spells:

 Spells                   Type           Power      Damage    Failure   Level
 Shock                    Conj/Air       48%        1d6       6%          1
 Swiftness                Air            17%        N/A       10%         3
 Airstrike                Air            8%         2d(2-18)  30%         4


Dungeon Overview and Level Annotations

Branches:
Dungeon (2/15)

Altars:

Shops:
D:2 !

Annotations:
D:2 Crazy Yiuf


Innate Abilities, Weirdness & Mutations

You cannot wear most types of armour.
You are amphibious.
You can wear up to eight rings at the same time.
Your skin changes colour to match your surroundings (Stealth+).
Your rubbery body absorbs attacks. (AC +1, EV +1)
((You are camouflaged when in or above water. (Stealth+)))
You have tentacles for arms and can constrict up to eight enemies at once.


Message History

You continue putting on your amulet of guardian spirit. x3
Crazy Yiuf shouts!
You continue putting on your amulet of guardian spirit. x2
You finish putting on your amulet of guardian spirit.
You feel your power drawn to a protective spirit.
d - an amulet of guardian spirit (around mantle) Unknown command.
As you read the scroll labelled ZIEMES ONYA, it crumbles to dust.
A profound silence engulfs you.
It was a scroll of silence.
Crazy Yiuf looks angry.
You start waiting.
Your hearing returns.
Okay, then.
Unknown command.
You open the door.
As you read the scroll of fear, it crumbles to dust.
You assume a fearsome visage.
Crazy Yiuf looks frightened!
There is an open translucent door here.
Crazy Yiuf gives up.
You see here a +0 hammer.
You see here a +3 hammer.
Crazy Yiuf is struck by an arc of lightning.
Your attack snaps Crazy Yiuf out of his fear.
Crazy Yiuf is lightly wounded.
You are struck by an arc of lightning.
Crazy Yiuf is struck by an arc of lightning.
Crazy Yiuf is moderately wounded.
The lightning grounds out.
Crazy Yiuf barely misses you.
Crazy Yiuf is struck by an arc of lightning.
Crazy Yiuf is heavily wounded.
You are struck by an arc of lightning.
The lightning grounds out.
Crazy Yiuf whimpers, "Cod mobile toodlewoodle!"
Crazy Yiuf hits you with a +2 quarterstaff of chaos!
Crazy Yiuf burns you.
You miscast Static Discharge.
You are very lightly contaminated with residual magic.
Nothing appears to happen.
Crazy Yiuf hits you with a +2 quarterstaff of chaos!
Ouch! That really hurt!
You die...

#.##.##.##.#
#.##.......#
..#####.#### ###
### ## .# .######♣♣
##### ..##.#..♣♣
♣♣#))g#
.........♣♣♣♣)')@.#
.###.....)♣))♣#)))#
.# ###..)♣)♣♣♣#####
.# ##♣♣♣♣♣ .# .#
### .# #.# .# #.#
.# #.#


You could see Crazy Yiuf.

Vanquished Creatures
  2 adders (D:2)
  A worm (D:2)
  4 ball pythons (D:1)
  An endoplasm (D:2)
  2 goblins
  3 hobgoblins
  7 jackals
  A quokka (D:1)
  6 bats
  4 frilled lizards
  2 kobolds (D:1)
  5 rats
38 creatures vanquished.

Vanquished Creatures (others)
  2 fungi (D:1)
  2 plants (D:1)
4 creatures vanquished.

Grand Total: 42 creatures vanquished

Notes
Turn   | Place    | Note
-------+----------+-------------------------------------------
     0 | D:1      | BlueGoblin the Octopode Air Elementalist began the quest
                  | for the Orb.
     0 | D:1      | Reached XP level 1. HP: 11/11 MP: 3/3
   207 | D:1      | Reached XP level 2. HP: 5/17 MP: 1/5
   266 | D:1      | Found a faded altar of an unknown god.
  1393 | D:2      | Reached XP level 3. HP: 15/21 MP: 1/6
  1531 | D:2      | Learned a level 2 spell: Static Discharge
  1572 | D:2      | Found a runed translucent door.
  1573 | D:2      | Noticed Crazy Yiuf
  2024 | D:2      | Reached XP level 4. HP: 27/27 MP: 8/8
  2028 | D:2      | Found Tuuhoss's Distillery.
  2227 | D:2      | Slain by Crazy Yiuf

Illustrated notes

Levels and vault maps discovered:
D:1:      eino_arrival_cavern_e, layout_basic,
          shapermc_ecumenical_altar_mp_urbaneastern
D:2:      layout_loops_cross, serial_shops, shop, uniq_crazy_yiuf_cottage

Action                   |  1- 3 |  4- 6 || total
-------------------------+-------+-------++-------
Melee: Dagger            |    37 |     2 ||    39
       Constrict         |    13 |     1 ||    14
       Unarmed           |     4 |       ||     4
       Tentacles         |    10 |     1 ||    11
 Cast: Shock             |    49 |       ||    49
       Static Discharge  |     3 |     3 ||     6
  Use: Scroll            |     7 |     2 ||     9
 Stab: Distracted        |     3 |       ||     3
Armor: Skin              |     2 |     1 ||     3
Dodge: Dodged            |    28 |     4 ||    32

Table legend: (Time is in decaauts)
 A = Elapsed time spent in this place.
 B = Non-inter-level travel time spent in this place.
 C = Inter-level travel time spent in this place.
 D = Time resting spent in this place.
 E = Time spent auto-exploring this place.
 F = Levels seen in this place.
 G = Mean time per level.
                   A        B        C        D        E       F      G
               +--------+--------+--------+--------+--------+-----+--------+
         Total |   2226 |   2073 |    153 |    112 |   1661 |   2 | 1113.0 |
       Dungeon |   2226 |   2073 |    153 |    112 |   1661 |   2 | 1113.0 |
               +--------+--------+--------+--------+--------+-----+--------+

Top non-repeatable levels by time:
     D:1: 1271 daAuts
     D:2: 955 daAuts
